 Dungeon Crawl Stone Soup version 0.29.0-4-gdea44cf6ec (webtiles) character file.

Game seed: 15676261041301457623

50 qw the Chopper (level 3, -1/21 HPs)
             Began as a Tengu Warper on Aug 28, 2022.
             Slain by Terence
             ... wielding a +0 falchion
              (7 damage)
             ... on level 2 of the Dungeon.
             The game lasted 00:00:08 (1707 turns).

qw the Chopper (Tengu Warper)                       Turns: 1707, Time: 00:00:08

Health: -1/21      AC:  3    Str: 13    XL:     3   Next: 79%
Magic:  7/7        EV: 12    Int: 13    God:
Gold:   20         SH:  0    Dex: 13    Spells: 6/6 levels left

rFire   . . .      SeeInvis .   Y - +1 hand axe
rCold   . . .      Faith    .   (no shield)
rNeg    . . .      Spirit   .   b - +0 leather armour
rPois   .          Reflect  .   (helmet restricted)
rElec   .          Harm     .   (no cloak)
rCorr   .          Rampage  .   (no gloves)
Will    .....                   (boots unavailable)
Stlth   +.........              (no amulet)
HPRegen 0.07/turn               (no ring)
MPRegen 0.10/turn               (no ring)

@: no status effects
A: beak, talons 3
a: no special abilities


You were on level 2 of the Dungeon.
You visited 1 branch of the dungeon, and saw 2 of its levels.

You collected 98 gold pieces.
You spent 78 gold pieces at shops.


Innate Abilities, Weirdness & Mutations

You have a beak for a mouth.
You have claws for feet.


   Skills:
 - Level 2.0 Fighting
 + Level 4.4 Axes
 - Level 1.0 Throwing
 - Level 1.1 Armour
 - Level 2.1 Dodging
 - Level 2.0 Spellcasting
 - Level 2.4 Translocations


You had 6 spell levels left.
You didn't know any spells.
Your spell library contained the following spells:

 Spells                   Type           Power      Damage    Failure   Level
 Blink                    Tloc           14%        N/A       19%         2
 Gell's Gravitas          Tloc           7%         N/A       36%         3
 Lesser Beckoning         Tloc           7%         N/A       36%         3
 Teleport Other           Tloc           7%         N/A       36%         3
 Manifold Assault         Tloc           7%         N/A       98%         5

Inventory:

Hand Weapons
 h - a +0 whip
 Y - a +1 hand axe (weapon)
Armour
 b - a +0 leather armour (worn)
 f - a +0 scale mail
Scrolls
 a - a scroll of vulnerability {unknown}
 c - 2 scrolls of identify {unknown}
 e - a scroll of teleportation {unknown}
Potions
 d - a potion of haste {unknown}
 g - a potion of might {unknown}

Dungeon Overview and Level Annotations

Branches:
Dungeon (2/15)

Altars:

Shops:
D:2 *

Annotations:
D:2 Terence


Message History

Enter note: The giant cockroach waves its antennae.
You closely miss the giant cockroach. You claw the giant cockroach.
The giant cockroach is severely wounded.
The giant cockroach closely misses you.
You closely miss the giant cockroach. Your kick misses the giant cockroach.
The giant cockroach is severely wounded.
The giant cockroach bites you but does no damage.
You barely miss the giant cockroach.
You claw the giant cockroach, but do no damage.
You peck the giant cockroach.
You kill the giant cockroach!
Terence the Incautious comes into view.
He is wielding a +0 falchion.
Terence shouts!
You hit Terence. You claw Terence, but do no damage. Your peck misses Terence.
Terence is lightly wounded.
Terence closely misses you.
You closely miss Terence.
Terence is lightly wounded.
Terence misses you.
You slash Terence! Your kick misses Terence.
You peck Terence, but do no damage.
Terence is heavily wounded.
Terence completely misses you.
You closely miss Terence. You claw Terence, but do no damage.
Terence is moderately wounded.
Terence barely misses you.
You hit Terence but do no damage. You claw Terence.
Terence is heavily wounded.
Terence barely misses you.
You barely miss Terence. You claw Terence, but do no damage.
You peck Terence, but do no damage.
Terence is heavily wounded.
Terence hits you with a +0 falchion! Terence hits you with a +0 falchion.
You barely miss Terence. Your kick misses Terence.
Terence is heavily wounded.
Terence closely misses you.
You closely miss Terence. You claw Terence.
Terence is heavily wounded.
Terence hits you with a +0 falchion!
You die...

..
#.........#
#.........#
#####.....#
######......#
#..........##
#..........#
#..........##
#...........#
#........@@.#
#......#....#
####........#
#........#
#........#
#.........
..#........
...........


You could see Terence.

Vanquished Creatures
  2 adders (D:2)
  4 endoplasms
  3 giant cockroaches
  3 goblins (D:1)
  4 hobgoblins
  A quokka (D:2)
  4 ball pythons
  2 bats
  A frilled lizard (D:1)
  2 kobolds
  3 rats
29 creatures vanquished.

Notes
Turn   | Place    | Note
-------+----------+-------------------------------------------
     0 | D:1      | qw the Tengu Warper began the quest for the Orb.
     0 | D:1      | Reached XP level 1. HP: 12/12 MP: 4/4
     0 | D:1      | 0 ||| qw: Version: 0.1-a-89-g26bdef1
     0 | D:1      | 0 ||| qw: Game counter: 1615
     0 | D:1      | 0 ||| qw: Always use a shield: true
     0 | D:1      | 0 ||| qw: God list: Okawaru
     0 | D:1      | 0 ||| qw: Allow faded altars: false
     0 | D:1      | 0 ||| qw: Do Orc after D:15 true
     0 | D:1      | 0 ||| qw: Do second Lair branch before Depths: true
     0 | D:1      | 0 ||| qw: Lair rune preference: random
     0 | D:1      | 0 ||| qw: Plans: Normal
     0 | D:1      | 0 ||| PLANNING D:1-11
     8 | D:1      | 8 ||| Stepping ~*~*~tactically~*~*~ (stealth).
   165 | D:1      | Reached XP level 2. HP: 17/17 MP: 6/6
   200 | D:1      | Reached skill level 3 in Axes
   265 | D:1      | Found a faded altar of an unknown god.
   812 | D:1      | 812 ||| DROPPING amulet of faith.
   813 | D:1      | 813 ||| READING 3 scrolls labelled RYEGRU RONUI.
   814 | D:1      | 814 ||| READING scroll labelled TAINWOE IRUOD.
   815 | D:1      | 815 ||| READING scroll labelled NEAHOUREVI.
   942 | D:1      | 942 ||| DROPPING 2 scrolls of summoning.
   943 | D:1      | 943 ||| DROPPING scroll of blinking.
  1026 | D:2      | 1026 ||| Stepping ~*~*~tactically~*~*~ (stealth).
  1036 | D:2      | 1036 ||| Stepping ~*~*~tactically~*~*~ (stealth).
  1085 | D:2      | 1085 ||| Stepping ~*~*~tactically~*~*~ (stealth).
  1226 | D:2      | Reached XP level 3. HP: 13/21 MP: 7/7
  1228 | D:2      | Reached skill level 4 in Axes
  1422 | D:2      | Found Vuzaiguj's General Store.
  1431 | D:2      | 1431 ||| BUYING +0 scale mail (48 gold).
  1431 | D:2      | Bought a +0 scale mail for 48 gold pieces
  1431 | D:2      | 1431 ||| BUYING +0 whip (30 gold).
  1431 | D:2      | Bought a +0 whip for 30 gold pieces
  1431 | D:2      | 1431 ||| SHOPLISTING scroll of identify (24 gold, have 20).
  1431 | D:2      | 1431 ||| SHOPLISTING scroll of teleportation (36 gold, have
                  | 20).
  1431 | D:2      | 1431 ||| DROPPING +0 club.
  1453 | D:2      | HP: 5/21 [poisoned by an adder]
  1693 | D:2      | Noticed Terence
  1707 | D:2      | Slain by Terence

Levels and vault maps discovered:
D:1:      scummos_arrival_simple_crosswalls, layout_loops_ring,
          hellmonk_ecumenical_altar_prayer_group
D:2:      layout_basic, serial_shops, shop, uniq_terence

Skill      XL: |  1  2  3 |
---------------+----------+-----
Axes           | 3 4 |  4.4
Fighting       | |  2.0
Throwing       | |  1.0
Armour         | |  1.1
Dodging        | |  2.1
Spellcasting   | |  2.0
Translocations | |  2.4

Action                   || total
-------------------------++-------
Melee: Hand axe          ||    80
       Peck              ||    14
       Kick              ||    25
       Punch             ||     2
Throw: Boomerang         ||     7
  Use: Scroll            ||     3
Armor: Leather armour    ||    16
Dodge: Dodged            ||    43

Table legend:
 A = Non-vault XP
 B = Vault XP
 C = Vault XP percentage of total XP
 D = Non-vault monster count
 E = Vault monster count
 F = Vault count percentage of total count
                 A         B        C        D         E       F
            +---------+---------+-------+---------+---------+-------
      Total |      68 |       4 |   5.6 |      27 |       2 |   6.9
            +---------+---------+-------+---------+---------+-------
        D:1 |      20 |       4 |  16.7 |      13 |       2 |  13.3
        D:2 |      48 |       0 |   0.0 |      14 |       0 |   0.0
            +---------+---------+-------+---------+---------+-------
